 Dungeon Crawl Stone Soup version 0.20-a0-11-ga97c7b5 (webtiles) character file.

331 dobroeutro the Cudgeler (level 6, -1/37 HPs)
             Began as a Gargoyle Fighter on Nov 2, 2016.
             Was an Initiate of the Shining One.
             Slain by a hound (3 damage)
             ... on level 4 of the Dungeon.
             The game lasted 00:03:22 (2900 turns).

dobroeutro the Cudgeler (Gargoyle Fighter)          Turns: 2900, Time: 00:03:22

Health: -1/37      AC: 12    Str: 20    XL:     6   Next: 52%
Magic:  6/6        EV:  7    Int:  9    God:    the Shining One [......]
Gold:   155        SH:  9    Dex: 10    Spells: 0 memorised, 5 levels left

rFire  . . .     SeeInvis .     a - +0 flail
rCold  . . .     Gourm    +     b - +0 scale mail
rNeg   + . .     Faith    .     c - +0 shield
rPois  ∞         Spirit   .     (no helmet)
rElec  +         Reflect  .     (no cloak)
rCorr  .         Harm     .     r - +0 pair of gloves
MR     .....                    (no boots)
Stlth  ..........               s - amulet of the gourmand
                                (no ring)
                                (no ring)

@: glowing
A: negative energy resistance 1, electricity resistance, unbreathing,
petrification resistance, rot immunity, AC +4
a: Renounce Religion


You were on level 4 of the Dungeon.
You worshipped the Shining One.
The Shining One was noncommittal.
You were full.

You visited 1 branch of the dungeon, and saw 4 of its levels.

You collected 155 gold pieces.

Inventory:

Hand Weapons
 a - a +0 flail (weapon)
Armour
 b - a +0 scale mail (worn)
 c - a +0 shield (worn)
 r - a +0 pair of gloves (worn)
Jewellery
 s - an amulet of the gourmand (around neck)
Wands
 z - a wand of lightning (10/15)
Scrolls
 e - 2 scrolls of magic mapping {unknown}
 g - 5 scrolls of teleportation {unknown}
 h - 4 scrolls of immolation {unknown}
 i - a scroll of fog {unknown}
 k - 3 scrolls of random uselessness {unknown}
 o - a scroll of amnesia {unknown}
 p - 4 scrolls of remove curse {unknown}
 q - a scroll of fear {unknown}
 t - a scroll of recharging {unknown}
 u - 3 scrolls of identify {unknown}
 x - a scroll of blinking {unknown}
Potions
 d - a potion of might
 j - 2 potions of haste
 m - 2 potions of brilliance {unknown}
 v - a potion of agility {unknown}
 w - a potion of mutation {unknown}
Books
 y - a book of Callings

   Spells                             Type                      Level
   a - Summon Small Mammal            Summoning                    1
   b - Call Imp                       Summoning                    2
   c - Call Canine Familiar           Summoning                    3
   d - Summon Guardian Golem          Hexes/Summoning              3
   e - Summon Lightning Spire         Summoning/Air                4
   f - Summon Ice Beast               Ice/Summoning                4
Comestibles
 f - 3 bread rations
 l - 2 meat rations
 n - a slice of pizza


   Skills:
 - Level 3.2 Fighting
 + Level 6.7 Maces & Flails
 - Level 3.2 Armour
 - Level 3.2 Shields


You had 5 spell levels left.
You didn't know any spells.

Dungeon Overview and Level Annotations

Branches:
Dungeon (4/15)             Temple (0/1) D:4

Altars:
Ashenzari
Fedhas
Kikubaaqudgha
Ru
Xom
The Shining One

Annotations:
D:4 confidenceinterval's ghost, novice GrGl


Innate Abilities, Weirdness & Mutations

You are resistant to torment.
Your stone body is resilient. (AC +4)
You are immune to poison.
You resist negative energy. (rN+)
You are resistant to electric shocks. (rElec)
You can survive without breathing.
You are immune to petrification.
You are immune to rotting.


Message History

The hound is severely wounded.
The hound barely misses you.
Your shield and scale mail prevent you from hitting the hound.
The hound is severely wounded.
The hound barely misses you. The hound bites you but does no damage.
You closely miss the hound.
The hound is severely wounded.
You block the hound's attack.
You closely miss the hound.
The hound is severely wounded.
You block the hound's attack. The hound bites you but does no damage.
You hit the hound but do no damage.
The hound is severely wounded.
The hound bites you.
* * * LOW HITPOINT WARNING * * *
The hound bites you but does no damage.
You closely miss the hound.
The hound is severely wounded.
The hound bites you.
You die...

###.# #.# #.#
###.#
#...####
.....<.#
#.####.# #.#
#.# ######>..
#.# #)#
#@h...... #.#
##.##
#.####.## #.#
#...# #.#
#.##......#
#.#
#.#.......#
#.#
#...........
...
#.#.......###
#.#
..##.....##
#.# . ##...##


You could see a hound.

Vanquished Creatures
  An ogre (D:4)
  A centaur (D:4)
  A worker ant (D:4)
  5 adders
  An ooze (D:1)
  An adder skeleton (D:4)
  3 worms
  3 dart slugs (D:1)
  4 leopard geckos
  6 orcs
  5 bats
  2 giant cockroaches (D:2)
  6 goblins
  7 hobgoblins
  7 jackals
  3 quokkas
  3 ball pythons (D:3)
  3 kobolds (D:2)
  4 rats
66 creatures vanquished.

Notes
Turn   | Place    | Note
-------+----------+-------------------------------------------
     0 | D:1      | dobroeutro the Gargoyle Fighter began the quest for the Orb.
     0 | D:1      | Reached XP level 1. HP: 14/14 MP: 1/1
   117 | D:1      | Reached XP level 2. HP: 18/19 MP: 2/2
   190 | D:1      | Reached skill level 3 in Maces & Flails
   303 | D:1      | Reached XP level 3. HP: 23/23 MP: 3/3
   640 | D:2      | Reached skill level 4 in Maces & Flails
   681 | D:2      | Reached XP level 4. HP: 28/28 MP: 4/4
  1374 | D:3      | Found an ancient bone altar of Kikubaaqudgha.
  1374 | D:3      | Found a shattered altar of Ashenzari.
  1375 | D:3      | Found a shimmering altar of Xom.
  1385 | D:3      | Found a sacrificial altar of Ru.
  1625 | D:3      | Found a blossoming altar of Fedhas.
  1797 | D:3      | Found a glowing golden altar of the Shining One.
  1853 | D:3      | Became a worshipper of the Shining One
  1906 | D:3      | Reached skill level 5 in Maces & Flails
  1960 | D:3      | Reached XP level 5. HP: 32/32 MP: 5/5
  2004 | D:4      | Noticed an ogre
  2014 | D:4      | Killed an ogre
  2403 | D:4      | Reached skill level 6 in Maces & Flails
  2442 | D:4      | Reached XP level 6. HP: 34/37 MP: 6/6
  2492 | D:4      | Noticed confidenceinterval's ghost (novice GrGl)
  2875 | D:4      | Found a staircase to the Ecumenical Temple.
  2887 | D:4      | HP: 1/37 [hound (2)]
  2900 | D:4      | Slain by a hound

Vault maps used:
D:1:      mrwooster_arrival_arrow
D:2:      first_bread
D:3:      tso_oasis_becter, nicolae_overflow_quartered_altars, fedhas_altar_1
D:4:      overflow_temple_1_default

Skill      XL: |  1  2  3  4  5 |
---------------+----------------+-----
Maces & Flails | 3 4 5 6 |  6.7
Fighting       | |  3.2
Armour         | |  3.2
Shields        | |  3.2

Action                   |  1- 3 |  4- 6 || total
-------------------------+-------+-------++-------
Melee: Flail             |   102 |   249 ||   351
  Eat: Chunk             |       |    17 ||    17
Armor: Scale mail        |    65 |   110 ||   175
Dodge: Dodged            |    37 |    94 ||   131
Block: Shield            |    55 |   143 ||   198
